 Dungeon Crawl Stone Soup version 0.31-a0-940-gdaa99269f9 (webtiles) character file.

Game seed: 2069986291493724669

64 gelatine the Changeling (level 4, -1/28 HPs)
             Began as an Octopode Shapeshifter on Oct 20, 2023.
             Slain by a gnoll
             ... wielding a +0 spear
              (6 damage)
             ... on level 2 of the Dungeon.
             The game lasted 00:04:37 (991 turns).

gelatine the Changeling (Octopode Shapeshifter)      Turns: 991, Time: 00:04:38

Health: -1/28      AC:  1    Str: 15    XL:     4   Next: 12%
Magic:  4/4        EV: 13    Int: 12    God:
Gold:   14         SH:  0    Dex: 11    Spells: 3/3 levels left

rFire   . .          .
                       - Unarmed
rCold   . . .        (no shield)
rNeg    . . .        (helmet currently unavailable)
rPois   .            (no amulet)
rElec   .            (no ring)
rCorr   .            (no ring)
SInv    .            (no ring)
Will    .....        (no ring)
Stlth   ++           (no ring)
HPRegen 0.24/turn    (no ring)
MPRegen 0.09/turn    (no ring)
                     (no ring)

%: no passive effects
@: beast-form
A: beast (slay +2), almost no armour, amphibious, 8 rings, camouflage 1,
gelatinous body 1, (nimble swimmer 1), tentacles
a: Begin Untransformation


You were on level 2 of the Dungeon.
You were a hulking beast.
You visited 1 branch of the dungeon, and saw 2 of its levels.

You collected 148 gold pieces.
You spent 134 gold pieces at shops.

Inventory:

Hand Weapons
 d - a +0 dagger
 g - a +0 short sword
Missiles
 e - 6 poisoned darts
 h - 9 stones (quivered)
Talismans
 b - a beast talisman (active)
 c - a flux talisman
Scrolls
 i - a scroll of silence
 j - a scroll of poison {unknown}
 k - a scroll of teleportation {unknown}
 n - a scroll of enchant weapon {unknown}
Potions
 a - a potion of lignification
 f - 4 potions of curing
 l - a potion of might {unknown}
 m - a potion of enlightenment {unknown}


   Skills:
 * Level 1.3 Fighting
 * Level 2.1 Dodging
 + Level 0.5 Stealth
 * Level 3.7 Unarmed Combat
 * Level 3.8 Shapeshifting


You had 3 spell levels left.
You didn't know any spells.
Your spell library contained the following spells:

 Spells                   Type           Power      Damage    Failure   Level
 Sting                    Tmut/Pois      0%         1d3       32%         1
 Poisonous Vapours        Pois/Air       0%         N/A       45%         2
 Olgreb's Toxic Radiance  Pois           0%         N/A       97%         4


Dungeon Overview and Level Annotations

Branches:
Dungeon (2/15)

Altars:

Shops:
D:2 [*?:


Innate Abilities, Weirdness & Mutations

You are a hulking beast.
Your limbs bulge with bestial killing power. (Slay +2)
You cannot wear most types of armour.
You are amphibious.
You can wear up to eight rings at the same time.
Your skin changes colour to match your surroundings (Stealth+).
Your rubbery body absorbs attacks. (AC +1, EV +1)
((You are camouflaged when in or above water. (Stealth+)))
You have tentacles for arms and can constrict up to eight enemies at once.


Message History

Thank you for shopping at Moshrosez's Assorted Antiques!
As you read the scroll of identify, it crumbles to dust.
i - a scroll of silence You open the door.
There is an open door here.
j - a scroll labelled BEIMEUPUMOD A ball python and 2 gnolls come into view.
The ball python hisses angrily.
The gnoll shouts! x2
A ball python comes into view.
You hear a shout!
You throw a stone.
The stone completely misses the ball python.
The ball python hisses angrily.
A gnoll comes into view. It is wielding a +0 club.
A gnoll comes into view.
It is wielding a +1 whip of electrocution.
There is an open door here.
You throw a stone. The stone barely misses the gnoll.
You throw a stone.
The stone closely misses the ball python.
You barely miss the ball python. You grab the ball python.
You constrict the ball python. The ball python barely misses you.
The ball python grabs you. The ball python constricts you.
The gnoll hits you but does no damage.
You throw a stone. The stone hits the ball python.
You kill the ball python!
The gnoll hits you from afar with a +0 spear.
You throw a stone. The stone completely misses the gnoll.
The gnoll hits you from afar with a +0 spear.
The gnoll hits you from afar with a +0 halberd!
The gnoll hits you with a +0 spear!
* * * LOW HITPOINT WARNING * * *
There is an open door, spattered with blood here.
You barely miss the gnoll. You grab the gnoll. You constrict the gnoll.
The gnoll barely misses you. The gnoll completely misses you.
You tentacle-slap the gnoll but do no damage.
You squeeze the gnoll.
The gnoll is heavily wounded.
You constrict the gnoll, but do no damage.
The gnoll barely misses you. The gnoll hits you with a +0 spear.
You die...

## ####.##
........)... ##..###
...........
#...')### ........g.
#.###...#+#.........
#.##..⌠...#.........
#.##.⌠∩⌠.##..#
#.#...⌠..#...+
..#+#...##S..# ###
###.hgg### ######


You could see 2 gnolls and a ball python.

Vanquished Creatures
  An adder (D:2)
  A worm (D:2)
  3 dart slugs (D:1)
  6 ball pythons
  4 bats
  4 endoplasms
  A giant cockroach (D:2)
  3 goblins
  4 hobgoblins
  4 quokkas
  4 frilled lizards
  4 kobolds
  5 rats
44 creatures vanquished.

Notes
Turn   | Place    | Note
-------+----------+-------------------------------------------
     0 | D:1      | gelatine the Octopode Shapeshifter began the quest for the
                  | Orb.
     0 | D:1      | Reached XP level 1. HP: 13/13 MP: 1/1
   101 | D:1      | Reached XP level 2. HP: 11/18 MP: 2/2
   227 | D:1      | Reached XP level 3. HP: 23/23 MP: 3/3
   653 | D:2      | Found Jexox's Book Shop.
   742 | D:2      | Found Cuut's Magic Scroll Emporium.
   747 | D:2      | Bought a scroll of identify for 28 gold pieces
   753 | D:2      | Found Kinymo's Armour Shop.
   847 | D:2      | Reached XP level 4. HP: 27/28 MP: 4/4
   958 | D:2      | Found Moshrosez's Assorted Antiques.
   966 | D:2      | Bought a scroll labelled XAQINI ZUMOU for 28 gold pieces
   966 | D:2      | Bought a ruby potion for 25 gold pieces
   966 | D:2      | Bought an emerald potion for 25 gold pieces
   966 | D:2      | Bought a scroll labelled BUGAYFUMUO for 28 gold pieces
   991 | D:2      | Slain by a gnoll

Illustrated notes

Levels and vault maps discovered:
D:1:      scummos_arrival_simple_fountains, layout_rooms
D:2:      layout_basic, serial_glass, glass_columns_a, glass_columns_c,
          serial_shops, shop, nicolae_shop_behind_doors, shop, shop_coins,
          nicolae_shop_rolling_square

Action                     |  1- 3 |  4- 6 || total
---------------------------+-------+-------++-------
  Melee: Dagger            |    31 |       ||    31
         Constrict         |    17 |     5 ||    22
         Tentacles         |     9 |     1 ||    10
         Unarmed           |    33 |    11 ||    44
  Throw: Stone             |    11 |     5 ||    16
    Use: Scroll            |     1 |     1 ||     2
   Stab: Sleeping          |     3 |     1 ||     4
 Armour: Skin              |    21 |    10 ||    31
  Dodge: Dodged            |    33 |     6 ||    39

Table legend: (Time is in decaauts)
 A = Elapsed time spent in this place.
 B = Non-inter-level travel time spent in this place.
 C = Inter-level travel time spent in this place.
 D = Time resting spent in this place.
 E = Time spent auto-exploring this place.
 F = Levels seen in this place.
 G = Mean time per level.
                   A        B        C        D        E       F      G
               +--------+--------+--------+--------+--------+-----+--------+
         Total |    988 |    960 |     28 |      0 |    692 |   2 |  494.0 |
       Dungeon |    988 |    960 |     28 |      0 |    692 |   2 |  494.0 |
               +--------+--------+--------+--------+--------+-----+--------+

Top non-repeatable levels by time:
     D:1: 563 daAuts
     D:2: 424 daAuts
